 Dungeon Crawl Stone Soup version 0.26.1-11-gd32895ea62 (webtiles) character file.

Game seed: 5088633440381747110

51 Gwenloh the Shooter (level 3, 0/20 HPs)
             Began as a Deep Elf Arcane Marksman on May 9, 2021.
             Killed from afar by Natasha (8 damage)
             ... with a magic dart
             ... on level 2 of the Dungeon.
             The game lasted 00:06:42 (1561 turns).

Gwenloh the Shooter (Deep Elf Arcane Marksman)      Turns: 1561, Time: 00:06:42

Health: 0/20       AC:  3    Str:  7    XL:     3   Next: 58%
Magic:  6/7        EV: 13    Int: 17    God:
Gold:   98         SH:  0    Dex: 16    Spells: 2/5 levels left

rFire    . . .     SeeInvis .   b - +0 dagger
rCold    . . .     Faith    .   (no shield)
rNeg     . . .     Spirit   .   e - +0 robe
rPois    .         Reflect  .   (no helmet)
rElec    .         Harm     .   c - +0 cloak
rCorr    .         Rampage  .   (no gloves)
Will     .....                  (no boots)
Stlth    +.........             (no amulet)
HPRegen  0.06/turn              (no ring)
MPRegen  0.10/turn              (no ring)

@: no status effects
A: no striking features
a: no special abilities


You were on level 2 of the Dungeon.
You visited 1 branch of the dungeon, and saw 2 of its levels.

You collected 98 gold pieces.

Inventory:

Hand Weapons
 a - a +0 shortbow
 b - a +0 dagger (weapon)
Missiles
 d - 7 arrows
Armour
 c - a +0 cloak (worn)
 e - a +0 robe (worn)
 f - a +0 ring mail
Jewellery
 h - an uncursed amulet of magic regeneration {unknown}
Wands
 j - a wand of iceblast (6)
Scrolls
 k - a scroll of identify {unknown}
 l - a scroll of enchant armour {unknown}
Potions
 g - a potion of heal wounds {unknown}
 i - a potion of haste {unknown}


   Skills:
 - Level 0.7 Fighting
 + Level 5.4 Bows
 - Level 2.4 Dodging
 - Level 1.5 Spellcasting
 - Level 4.0 Hexes


You had 2 spell levels left.
You knew the following spells:

 Your Spells              Type           Power        Failure   Level
a - Corona                Hex            15%          4%          1
b - Slow                  Hex            14%          6%          2

Your spell library contained the following spells:

 Spells                   Type           Power        Failure   Level
 Inner Flame              Hex/Fire       8%           26%         3
 Portal Projectile        Hex/Tloc       16%          26%         3
 Cause Fear               Hex            7%           36%         4
 Leda's Liquefaction      Hex/Erth       4%           65%         4


Dungeon Overview and Level Annotations

Branches:
Dungeon (2/15)

Altars:

Annotations:
D:2 Natasha


Message History

Aim: Natasha (almost dead, 55% to hit)
You shoot an arrow.
The arrow hits Natasha but does no damage.
Natasha is almost dead.
Natasha barely misses you.
b - a +0 dagger (weapon)
Casting: Corona (safe; 4% risk of failure)
Confirm with . or Enter, or press ? or * to list all spells.
Aiming: Corona (safe; 4% risk of failure)
Press: ? - help, Shift-Dir - straight line, f/p - Natasha
Aim: Natasha (almost dead, chance to affect: 50%) Natasha is outlined in light.
Natasha claws you.
You hit Natasha but do no damage.
Natasha is almost dead.
Natasha barely misses you.
You barely miss Natasha.
Natasha is almost dead.
Natasha casts a spell at you. The magic dart hits you!
You die...

# #. #.. #...
#....
#.....###########
#(....(h@.......#
#.....#########.#
#.... #.# #...
#.# ### ####'####
#.......#
#.......#
#.......#
#.......#


You could see Natasha (corona).

Vanquished Creatures
  A gnoll (D:1)
  An adder (D:2)
  2 leopard geckos
  4 bats (D:1)
  A giant cockroach (D:1)
  3 goblins (D:1)
  2 hobgoblins
  4 jackals (D:2)
  A quokka (D:2)
  A frilled lizard (D:1)
  4 kobolds
  5 rats (D:1)
29 creatures vanquished.

Notes
Turn   | Place    | Note
-------+----------+-------------------------------------------
     0 | D:1      | Gwenloh the Deep Elf Arcane Marksman began the quest for
                  | the Orb.
     0 | D:1      | Reached XP level 1. HP: 11/11 MP: 5/5
   140 | D:1      | Reached skill level 3 in Bows
   281 | D:1      | Reached skill level 4 in Bows
   281 | D:1      | Reached XP level 2. HP: 2/16 MP: 4/6
  1009 | D:1      | Reached XP level 3. HP: 20/20 MP: 7/7
  1024 | D:1      | Learned a level 2 spell: Slow
  1367 | D:2      | Reached skill level 5 in Bows
  1547 | D:2      | Noticed Natasha
  1561 | D:2      | Killed from afar by Natasha

Illustrated notes

Levels and vault maps discovered:
D:1:      elethiomel_arrival_quiet, layout_basic, serial_rivers,
          chequers_serial_rivers_small_3, chequers_serial_rivers_room_a,
          chequers_serial_rivers_large_b, chequers_serial_rivers_small_b,
          chequers_serial_rivers_room_a, minmay_misc_feat_diagonals,
          minmay_tripent
D:2:      layout_basic, uniq_natasha, uniq_crazy_yiuf_cottage

Skill      XL: |  1  2  3 |
---------------+----------+-----
Bows           | 4 5 |  5.4
Fighting       | |  0.7
Dodging        | |  2.4
Spellcasting   | |  1.5
Hexes          | |  4.0

Action                   || total
-------------------------++-------
Melee: Dagger            ||     6
 Fire: Shortbow          ||    92
 Cast: Corona            ||    10
       Slow              ||     3
Armor: Robe              ||    35
Dodge: Dodged            ||    77
